 Dungeon Crawl Stone Soup version 0.20.1-1-g8b1a95d (webtiles) character file.

48 polve the Charmwright (level 3, -1/27 HPs)
             Began as a Merfolk Skald on July 18, 2017.
             Slain by a gnoll
             ... wielding a +0 whip
              (6 damage)
             ... on level 2 of the Dungeon.
             The game lasted 00:01:45 (939 turns).

polve the Charmwright (Merfolk Skald)                Turns: 939, Time: 00:01:46

Health: -1/27      AC:  3    Str: 11    XL:     3   Next: 72%
Magic:  5/6        EV: 12    Int: 18    God:
Gold:   33         SH:  0    Dex: 13    Spells: 3/6 levels left

rFire    . . .     SeeInvis .   a - +0 spear
rCold    . . .     Gourm    .   (no shield)
rNeg     . . .     Faith    .   b - +0 leather armour
rPois    .         Spirit   .   (no helmet)
rElec    .         Reflect  .   (no cloak)
rCorr    .         Harm     .   (no gloves)
MR       .....                  (no boots)
Stlth    +.........             (no amulet)
Regen    0.1/turn               (no ring)
MPRegen  0.1/turn               (no ring)

@: brilliant
A: change form in water, swift swim, stealthy swim
a: no special abilities


You were on level 2 of the Dungeon.
You were not hungry.

You visited 1 branch of the dungeon, and saw 2 of its levels.

You collected 33 gold pieces.

Inventory:

Hand Weapons
 a - a +0 spear (weapon)
Armour
 b - a +0 leather armour (worn)
Scrolls
 f - a scroll of fear {unknown}
 g - a scroll of immolation {unknown}
 h - a scroll of identify {unknown}
 i - a scroll of random uselessness {unknown}
 j - 2 scrolls of enchant weapon {unknown}
Potions
 e - a potion of brilliance
 n - a potion of heal wounds {unknown}
Books
 c - a book of Battle

   Spells                             Type                      Level
   a - Infusion                       Charms                       1
   b - Shroud of Golubria             Charms/Translocation         2
   c - Song of Slaying                Charms                       2
   d - Spectral Weapon                Hexes/Charms                 3
   e - Regeneration                   Charms/Necromancy            3
Comestibles
 d - a bread ration
 k - 3 fruits
 l - 2 meat rations


   Skills:
 - Level 2.1 Fighting
 + Level 3.0 Polearms
 - Level 0.6 Armour
 - Level 2.6 Dodging
 - Level 2.0 Spellcasting
 - Level 4.0 Charms
 - Level 2.0 Translocations


You had 3 spell levels left.
You knew the following spells:

 Your Spells              Type           Power        Failure   Level  Hunger
a - Infusion              Chrm           ####         1%          1    #......
b - Shroud of Golubria    Chrm/Tloc      ###.......   1%          2    ###....


Dungeon Overview and Level Annotations

Branches:
Dungeon (1/15)

Altars:


Message History

Aim: a gnoll, wielding a whip (lightly wounded)
You reach to attack!
Your leather armour prevents you from hitting the gnoll.
The gnoll is lightly wounded.
The hobgoblin hits you.
* * * LOW HITPOINT WARNING * * *
Attack whom?
Press: ? - help, Dir - move target cursor, f/p - gnoll
Aim: a gnoll, wielding a whip (lightly wounded)
The hobgoblin is in the way.
You hit the hobgoblin.
You kill the hobgoblin!
You see here 19 poisoned needles.
Your magical infusion is running out.
The gnoll hits you with a whip.
* * * LOW HITPOINT WARNING * * *
You are no longer magically infusing your attacks.
It was a potion of brilliance.
You feel clever all of a sudden. The gnoll hits you with a whip.
You die...

###...[.###.......
##g#....#..#####
#g###.....# .. #)#
##....##### .
###.####.....##..
##.####
#...g.....#......
......##.##.####.##.##..
#.##............g......
#...#.@.##.###..#####..
###..g.....)#..## #..
#.####.g.###.....####
#.g
#......#####.##.....#
##. ####....#
#..##.###.## ##
#.##.###..........# # #.
#g.#...........##### #
##...(............##
#..............##...


You could see 2 gnolls.

Vanquished Creatures
  2 gnolls (D:2)
  An adder (D:2)
  An ooze (D:2)
  A leopard gecko (D:1)
  A giant cockroach (D:1)
  2 hobgoblins (D:2)
  5 kobolds
  A ball python (D:2)
  2 frilled lizards
16 creatures vanquished.

Notes
Turn   | Place    | Note
-------+----------+-------------------------------------------
     0 | D:1      | polve the Merfolk Skald began the quest for the Orb.
     0 | D:1      | Reached XP level 1. HP: 16/16 MP: 3/3
   464 | D:1      | Reached XP level 2. HP: 15/22 MP: 5/5
   468 | D:1      | Reached skill level 4 in Charms
   472 | D:1      | Learned a level 2 spell: Shroud of Golubria
   601 | D:1      | You fall through a shaft!
   667 | D:2      | Reached skill level 1 in Translocations
   667 | D:2      | Reached XP level 3. HP: 27/27 MP: 2/6
   939 | D:2      | Slain by a gnoll

Skill      XL: |  1  2  3 |
---------------+----------+-----
Charms         | 4 |  4.0
Translocations | 1 2 |  2.0
Fighting       | |  2.1
Polearms       | |  3.0
Armour         | |  0.6
Dodging        | |  2.6
Spellcasting   | |  2.0

Action                   || total
-------------------------++-------
Melee: Spear             ||    58
 Cast: Infusion          ||     8
  Use: Potion            ||     1
 Stab: Sleeping          ||     1
Armor: Leather armour    ||     6
Dodge: Dodged            ||    36
